 Dungeon Crawl Stone Soup version 0.18.1-8-gdd0e5ea (webtiles) character file.

6973 Nimbul the Experimenter (level 11, -10/68 HPs)
             Began as a Kobold Artificer on May 31, 2016.
             Was a Believer of Pakellas.
             Mangled by Snorg (11 damage)
             ... on level 10 of the Dungeon on June 2, 2016.
             The game lasted 01:38:35 (9871 turns).

Nimbul the Experimenter (Kobold Artificer)          Turns: 9871, Time: 01:38:38

Health: -10/68     AC: 18    Str: 10    XL:     11   Next: 28%
Magic:  18/18      EV: 18    Int: 10    God:    Pakellas [**....]
Gold:   488        SH:  0    Dex: 20    Spells: 0 memorised, 10 levels left

rFire  . . .     SeeInvis .     o - +5 scimitar (slice)
rCold  . . .     Gourm    .     q - +3 ring mail
rNeg   . . .     Faith    .     (shield restricted)
rPois  .         Spirit   .     M - +2 hat
rElec  .         Dismiss  +     p - +2 cloak
rCorr  .         Reflect  .     (no gloves)
SustAt .         Harm     .     (no boots)
MR     +....                    l - amulet of dismissal
Stlth  ++++......               B - +5 ring of protection
                                F - ring of protection from magic

@: somewhat resistant to hostile enchantments, stealthy
A: carnivore 3
a: Quick Charge, Renounce Religion


You were on level 10 of the Dungeon.
You worshipped Pakellas.
Pakellas was pleased with you.
You were full.

You visited 2 branches of the dungeon, and saw 11 of its levels.

You collected 488 gold pieces.

Inventory:

Hand Weapons
 a - a +0 short sword
 f - a +1 scimitar of flaming
 o - a +5 scimitar of slicing (weapon)
 s - a +0 hunting sling of freezing
Missiles
 g - 162 stones (quivered)
 i - 6 needles of sleeping
 E - 2 tomahawks of dispersal
Armour
 p - a +2 cloak (worn)
 q - a +3 ring mail (worn)
 M - a +2 hat (worn)
 O - a +2 robe of magic resistance
Jewellery
 l - an amulet of dismissal (around neck)
 t - a +4 ring of evasion
 w - an uncursed ring of ice
 A - an uncursed ring of sustain attributes
 B - a +5 ring of protection (right hand)
 F - a ring of protection from magic (left hand)
 G - an uncursed ring of see invisible
Wands
 e - a wand of enslavement (18/24)
 k - a wand of random effects (28/48)
 L - a wand of slowing (24/48)
 N - a wand of flame (12/48)
 W - a wand of polymorph (7/24)
 Z - a wand of iceblast (5/15)
Scrolls
 b - a scroll of amnesia
 d - 5 scrolls of remove curse
 j - 4 scrolls of teleportation
 H - 3 scrolls of identify
 Q - a scroll of brand weapon
 S - a scroll of blinking
Potions
 n - a potion of curing
 x - a potion of ambrosia
 z - 2 potions of magic
 C - a potion of haste
 J - 2 potions of agility
 V - a potion of flight
 X - a potion of heal wounds
Books
 I - a book of Air

   Spells                             Type                      Level
   a - Shock                          Conjuration/Air              1
   b - Swiftness                      Charms/Air                   2
   c - Repel Missiles                 Charms/Air                   2
   d - Static Discharge               Conjuration/Air              3
   e - Lightning Bolt                 Conjuration/Air              5
Miscellaneous
 D - a plain deck of destruction {drawn: 6}
 U - a sack of spiders {used: 1}
Comestibles
 c - 7 meat rations
 m - 2 slices of pizza
 u - 6 beef jerkies
 R - 9 royal jellies


   Skills:
 - Level 8.1 Fighting
 * Level 8.5 Short Blades
 - Level 0.2(3.2) Long Blades
 - Level 9.0 Slings
 * Level 7.6 Dodging
 - Level 7.0 Stealth
 * Level 10.2 Evocations


You had 10 spell levels left.
You didn't know any spells.

Dungeon Overview and Level Annotations

Branches:
Dungeon (10/15)            Temple (1/1) D:7             Orc (0/2) D:10
   Lair: D:8-11

Altars:
Ashenzari
Cheibriados
Dithmenos
Elyvilon
Fedhas
Gozag
Kikubaaqudgha
Makhleb
Nemelex Xobeh
Okawaru
Pakellas
Qazlal
Ru
Sif Muna
Trog
Vehumet
Xom
Yredelemnul
Zin
The Shining One

Annotations:
D:10 Snorg


Innate Abilities, Weirdness & Mutations

You are small and have problems with some larger weapons.
You are carnivorous and can eat meat at any time.


Message History

Snorg barely misses you. Snorg claws you! Snorg claws you but does no damage.
Snorg bites you. Snorg closely misses you. Snorg misses you.
You slash Snorg!
Snorg is severely wounded.
Snorg closely misses you. Snorg completely misses you. Snorg claws you.
Snorg bites you. Snorg claws you! Snorg closely misses you.
Evoke which item? (* to show all) (? for menu, Esc to quit)
Zapping:
L - a wand of slowing (25/48)
Press: ? - help, Shift-Dir - straight line, f/p - Snorg
Aim: Snorg (severely wounded, berserk, fast, unusually strong, chance to defeat MR: 43%) Snorg resists with some effort.
This wand has 24 charges left.
Snorg closely misses you. Snorg misses you. Snorg closely misses you.
You slash Snorg!
Snorg is severely wounded.
The sentinel's mark upon you fades away.
Snorg bites you!!
* * * LOW HITPOINT WARNING * * *
Snorg misses you. Snorg claws you but does no damage. Snorg bites you!
You die...
Pakellas says: Time to start the next experiment...

#####
...
#.#
#.#
#.#
#†#
#h#
#T#
#@#
#.#
#.#
#.#
#.#
#.#
###
#.#
..#
#.#
..#
#.#


You could see Snorg (berserk) and a hound.

Vanquished Creatures
  A hill giant (D:10)
  Psyche (D:9)
  Prince Ribbit (D:5)
  A polar bear (D:8)
  Grinder (D:5)
  Dowan (D:6)
  Sigmund (D:5)
  A wyvern (D:8)
  5 yaks
  A hippogriff (D:7)
  A hell hound (D:8)
  A soldier ant (D:8)
  An orc warrior (D:8)
  3 ice beasts (D:8)
  A black bear (D:7)
  A wasp (D:8)
  4 ogres
  3 sky beasts
  4 phantoms
  A wolf (D:8)
  2 centaurs
  Blork the orc (D:5)
  A crocodile (D:7)
  7 giant frogs
  A scorpion (D:8)
  An electric eel (D:8)
  2 howler monkeys
  A jelly (D:9)
  2 crimson imps (D:9)
  2 giant frog zombies (D:9)
  A quasit (D:5)
  A centaur skeleton (D:5)
  4 hounds
  4 orc priests
  Crazy Yiuf (D:6)
  5 orc wizards
  3 iguanas
  6 worker ants
  2 hound zombies
  6 gnolls
  13 adders
  A howler monkey skeleton (D:5)
  A hound simulacrum (D:8)
  2 shadow imps
  3 white imps
  A worker ant simulacrum (D:8)
  2 ufetubi (D:8)
  2 adder skeletons
  An adder zombie (D:6)
  4 worms
  A dart slug (D:1)
  5 giant geckos
  11 orcs
  6 bats
  3 giant cockroaches
  6 goblins
  9 hobgoblins
  2 jackals (D:3)
  10 kobolds
  A giant gecko zombie (D:5)
  3 giant newts
  A quokka skeleton (D:4)
  10 rats
  A fungus (D:6)
186 creatures vanquished.

Vanquished Creatures (collateral kills)
  A yak (D:9)
  Edmund (D:6)
  Duvessa (D:6)
  An ogre (D:3)
  3 howler monkeys (D:9)
  A crimson imp (D:6)
  A river rat (D:3)
  An adder skeleton (D:9)
  2 bats (D:2)
  A quokka (D:6)
  A goblin (D:2)
  A rat (D:3)
15 creatures vanquished.

Vanquished Creatures (others)
  A wyvern (D:10)
  A jelly (D:10)
  An orc wizard (D:4)
  A gnoll (D:2)
4 creatures vanquished.

Grand Total: 205 creatures vanquished

Notes
Turn   | Place    | Note
--------------------------------------------------------------
     0 | D:1      | Nimbul the Kobold Artificer began the quest for the Orb.
     0 | D:1      | Reached XP level 1. HP: 12/12 MP: 3/3
    69 | D:1      | Reached XP level 2. HP: 17/17 MP: 4/4
   182 | D:1      | Reached XP level 3. HP: 9/21 MP: 5/5
  1040 | D:2      | Reached XP level 4. HP: 22/27 MP: 6/6
  1499 | D:2      | Found a shattered altar of Ashenzari.
  1748 | D:2      | Reached XP level 5. HP: 15/32 MP: 7/7
  1939 | D:3      | Reached skill level 4 in Evocations
  1951 | D:3      | Noticed an ogre
  1970 | D:3      | Killed an ogre
  2395 | D:3      | Reached XP level 6. HP: 31/38 MP: 9/9
  2597 | D:3      | Reached skill level 1 in Slings
  2900 | D:4      | Noticed an ogre
  2912 | D:4      | Killed an ogre
  2912 | D:4      | Reached XP level 7. HP: 42/42 MP: 10/10
  3711 | D:5      | Entered Level 5 of the Dungeon
  3714 | D:5      | Noticed Blork the orc
  3723 | D:5      | Killed Blork the orc
  3723 | D:5      | Reached skill level 5 in Evocations
  3809 | D:5      | Found a glowing silver altar of Zin.
  3826 | D:5      | Reached skill level 5 in Slings
  3869 | D:5      | Reached XP level 8. HP: 29/48 MP: 12/12
  3961 | D:5      | Noticed Prince Ribbit
  3986 | D:5      | Killed Prince Ribbit
  3986 | D:5      | Reached skill level 5 in Dodging
  3986 | D:5      | Reached skill level 6 in Evocations
  4150 | D:5      | Noticed Grinder
  4183 | D:5      | Paralysed by Grinder for 6 turns
  4256 | D:5      | Killed Grinder
  4508 | D:5      | Found a basalt altar of Yredelemnul.
  5016 | D:5      | Noticed Sigmund
  5032 | D:5      | Killed Sigmund
  5032 | D:5      | Reached XP level 9. HP: 44/52 MP: 12/14
  5131 | D:5      | Reached skill level 7 in Evocations
  5142 | D:5      | Reached skill level 5 in Short Blades
  5224 | D:6      | Reached skill level 5 in Fighting
  5294 | D:6      | Noticed Edmund
  5340 | D:6      | Found a white marble altar of Elyvilon.
  5369 | D:6      | Noticed Duvessa
  5369 | D:6      | Noticed Dowan
  5391 | D:6      | Killed Duvessa
  5406 | D:6      | Killed Dowan
  5502 | D:6      | Found a sparkling altar of Nemelex Xobeh.
  5559 | D:6      | Reached skill level 8 in Evocations
  5832 | D:6      | Noticed Crazy Yiuf
  5840 | D:6      | Killed Crazy Yiuf
  5913 | D:6      | Killed Edmund
  6125 | D:7      | Found a shadowy altar of Dithmenos.
  6216 | D:7      | Reached XP level 10. HP: 55/61 MP: 16/16
  6257 | D:7      | Reached skill level 5 in Stealth
  6344 | D:7      | Found a sparkling altar of Nemelex Xobeh.
  6348 | D:7      | Found a blossoming altar of Fedhas.
  6351 | D:7      | Found a snail-covered altar of Cheibriados.
  6529 | D:7      | Found a staircase to the Ecumenical Temple.
  6588 | Temple   | Entered the Ecumenical Temple
  6616 | Temple   | Became a worshipper of Pakellas the Inventive
  7176 | D:8      | Found a shimmering altar of Xom.
  7360 | D:8      | Found a burning altar of Makhleb.
  7770 | D:8      | Noticed Erica
  7771 | D:8      | Reached skill level 9 in Evocations
  7773 | D:8      | Noticed Erica
  7773 | D:8      | Erica changed into Erica the hornet
  7774 | D:8      | Noticed Erica
  7774 | D:8      | Erica the hornet changed into Erica the hell hound
  7780 | D:8      | Killed Erica the hell hound
  7781 | D:8      | Reached * piety under Pakellas
  7781 | D:8      | Received a gift from Pakellas
  8722 | D:9      | Reached XP level 11. HP: 68/68 MP: 18/18
  8745 | D:9      | Reached ** piety under Pakellas
  8745 | D:9      | Received a gift from Pakellas
  8779 | D:9      | Found an ancient bone altar of Kikubaaqudgha.
  8826 | D:9      | Noticed Psyche
  8830 | D:9      | Killed Psyche
  8830 | D:9      | Reached skill level 10 in Evocations
  9678 | D:10     | Entered Level 10 of the Dungeon
  9678 | D:10     | Noticed a hill giant
  9684 | D:10     | Killed a hill giant
  9798 | D:10     | Found a staircase to the Orcish Mines.
  9860 | D:10     | Noticed Snorg
  9871 | D:10     | HP: 1/68 [Snorg (23)]
  9871 | D:10     | Mangled by Snorg

Skill      XL: |  1  2  3  4  5  6  7  8  9 10 11 |
---------------+----------------------------------+-----
Short Blades   | 2 3 4 7 8 |  8.5
Fighting       | 2 3 4 6 8 |  8.1
Evocations     | 4 5 6 8 9 10 | 10.2
Stealth        | 3 4 7 |  7.0
Dodging        | 3 6 7 |  7.6
Slings         | 3 5 6 8 9 |  9.0
Long Blades    | |  0.2

Action                   |  1- 3 |  4- 6 |  7- 9 | 10-12 || total
-------------------------+-------+-------+-------+-------++-------
Melee: Short sword       |    62 |   110 |    89 |    53 ||   314
       Spear             |       |    10 |    54 |       ||    64
       Scimitar          |       |       |    99 |   196 ||   295
 Fire: Hunting sling     |       |    19 |   127 |   123 ||   269
Throw: Stone             |    34 |    30 |       |     1 ||    65
Evoke: Wand              |     7 |    21 |     8 |    15 ||    51
       Deck              |       |       |     2 |     4 ||     6
       Sack of spiders   |       |       |       |     1 ||     1
  Use: Potion            |     5 |     4 |     7 |     1 ||    17
       Scroll            |     5 |     1 |    13 |     6 ||    25
 Stab: Sleeping          |     3 |     4 |     7 |     5 ||    19
       Paralysed         |       |     2 |       |       ||     2
       Invisible         |       |       |     2 |       ||     2
       Distracted        |       |       |     1 |       ||     1
       Betrayed ally     |       |       |     1 |       ||     1
       Confused          |       |       |       |     4 ||     4
  Eat: Chunk             |     3 |    12 |     5 |    13 ||    33
Armor: Leather armour    |     8 |    20 |    46 |       ||    74
       Ring mail         |       |       |     9 |    97 ||   106
Dodge: Dodged            |    32 |    81 |   215 |   221 ||   549
